AoeStats
← kane

African Clearing

510627773Analyzed
4v4 RM · 1d ago on Oct 1, 2026· 45m 3s· 8 players
Game mode
Random Map
Map size
Large (8 player)
Population
200
Speed
Normal
Resources
Standard
Victory
Conquest
Starting age
Dark Age
Ending age
Imperial Age
RankedLock teamsTeams togetherTeam positionsShared explorationLock speedFull tech treeHidden civsTurbo modeCheats
Victory
Defeat
🇹🇷 Chinese · Türkiye
1609
+8
🇹🇷 Armenians · Türkiye
1604
+8
🇹🇷 Khitans · Türkiye
1472
+13
🇹🇷 Varangians · Türkiye
1467
+13
🇧🇷 Hindustanis · Brazil
1447
-12
🇦🇷 Mongols · Argentina
1408
-10
🇩🇪 Spanish · Germany
1399
-10
🇦🇷 Bulgarians · Argentina
1390
-10
kane
5:55 Loom
12:42 Feudal Age
13:16 Double-Bit Axe
15:07 Horse Collar
19:24 Wheelbarrow
22:39 Castle Age
21:05 Bloodlines
21:29 Scale Barding Armor
22:44 Light Cavalry
23:46 Chain Barding Armor
32:59 Forging
37:18 Imperial Age
37:03 Iron Casting
37:56 Husbandry
37:26 Heavy Camel Rider
38:43 Plate Barding Armor
39:44 Blast Furnace
[TBArg] Search088
4:15 Loom
13:24 Feudal Age
19:04 Castle Age
17:05 Gold Mining
17:08 Stone Mining
17:07 Double-Bit Axe
19:49 Fletching
21:45 Gold Mining
24:41 Bow Saw
38:08 Wheelbarrow
Skipper
7:51 Loom
16:06 Feudal Age
18:38 Wheelbarrow
23:40 Double-Bit Axe
25:24 Horse Collar
30:14 Castle Age
28:24 Gold Mining
28:25 Fishing Lines
31:31 Bow Saw
ZarckNogh
6:51 Loom
14:10 Feudal Age
19:00 Castle Age
16:46 Double-Bit Axe
16:42 Horse Collar
19:17 Fletching
EFG
12:20 Feudal Age
11:26 Loom
14:09 Man-at-Arms
14:35 Arson
15:49 Forging
15:55 Forging
16:14 Fletching
16:53 Scale Mail Armor
20:37 Double-Bit Axe
20:37 Domestication
25:09 Castle Age
24:14 Scale Barding Armor
24:01 Gold Mining
26:42 Husbandry
27:20 Wheelbarrow
28:53 Pastoralism
29:34 Chain Barding Armor
31:00 Iron Casting
31:08 Hand Cart
33:11 Town Watch
39:34 Imperial Age
38:42 Stone Mining
40:44 Elite Steppe Lancer
42:23 Plate Barding Armor
42:53 Stone Shaft Mining
Orhan
3:07 Loom
11:11 Feudal Age
14:26 Double-Bit Axe
14:40 Fletching
20:27 Castle Age
19:04 Horse Collar
21:19 Bow Saw
21:11 Bodkin Arrow
20:50 Crossbowman
24:18 Ballistics
26:38 Wheelbarrow
26:55 Town Watch
28:16 Hand Cart
33:19 Imperial Age
31:41 Scale Mail Armor
32:56 Chain Mail Armor
32:53 Squires
33:01 Arson
33:28 Gold Mining
34:02 Forging
34:39 Plate Mail Armor
34:36 Heavy Plow
34:50 Bracer
36:11 Chemistry
35:57 Gold Shaft Mining
35:35 Elite Fire Lancer
36:26 Forging
37:25 Conscription
38:31 Iron Casting
40:39 Blast Furnace
39:41 Spies/Treason
44:04 Bombard Tower
Raskolnikov
12:40 Feudal Age
12:45 Loom
16:35 Castle Age
14:59 Double-Bit Axe
17:23 Fletching
18:29 Bodkin Arrow
25:00 Wheelbarrow
24:40 Bow Saw
25:59 Padded Archer Armor
26:52 Husbandry
29:00 Bloodlines
29:55 Wheelbarrow
30:07 Leather Archer Armor
30:11 Gold Mining
32:45 Ballistics
37:18 Imperial Age
35:38 Hand Cart
37:44 Town Watch
37:32 Heavy Mounted Crossbowman
37:43 Cranequins
39:19 Ring Archer Armor
39:34 Bracer
42:48 Chemistry
ÇARMENDIR BEY
12:35 Feudal Age
10:50 Loom
16:18 Castle Age
15:00 Double-Bit Axe
19:19 Fletching
24:55 Bodkin Arrow
30:45 Wheelbarrow
31:08 Padded Archer Armor
33:05 Town Watch
33:32 Horse Collar
34:11 Bow Saw
35:20 Ballistics
36:39 Hand Cart
42:45 Imperial Age
42:01 Masonry
42:50 Elite Composite Bowman
43:51 Conscription
43:37 Bracer
44:40 Chemistry
Connection lost

Rejoining the realm…

Still unreachable

The connection could not be restored.

Session expired

The server has moved on; the page needs a fresh start.